 Dungeon Crawl Stone Soup version 0.28-a0-1447-ga5a8893891 (webtiles) character file.

Game seed: 4776188857285381067

37 kae the Changer (level 3, 0/28 HPs)
             Began as a Draconian Transmuter on Jan 10, 2022.
             Slain by a gnoll (3 damage)
             ... on level 2 of the Dungeon.
             The game lasted 00:00:40 (1589 turns).

kae the Changer (Draconian Transmuter)              Turns: 1589, Time: 00:00:41

Health: 0/28       AC:  5    Str: 12    XL:     3   Next: 23%
Magic:  5/6        EV: 12    Int: 15    God:
Gold:   68         SH:  0    Dex: 11    Spells: 6/7 levels left

rFire   . . .      SeeInvis .     - Unarmed
rCold   . . .      Faith    .   (no shield)
rNeg    . . .      Spirit   .   (armour unavailable)
rPois   .          Reflect  .   (helmet currently unavailable)
rElec   .          Harm     .   (no cloak)
rCorr   .          Rampage  .   (no gloves)
Will    .....                   (boots currently unavailable)
Stlth   +.........              (no amulet)
HPRegen 0.09/turn               (no ring)
MPRegen 0.10/turn               (no ring)

@: appendages, slowed, very slow
A: horns 2, talons 2, AC +5, unfitting armour, cold-blooded
a: End Transformation


You were on level 2 of the Dungeon.
You had temporarily grown beastly horns and talons.
You visited 1 branch of the dungeon, and saw 2 of its levels.

You collected 68 gold pieces.

Inventory:

Jewellery
 b - a ring of fire
 e - a +6 ring of intelligence
Scrolls
 f - a scroll of identify {unknown}
 g - a scroll of fear {unknown}
Potions
 a - a potion of brilliance {unknown}
 c - a potion of cancellation {unknown}
 d - 2 potions of curing {unknown}


   Skills:
 - Level 1.1 Fighting
 - Level 1.7 Dodging
 - Level 3.0 Unarmed Combat
 + Level 2.5 Spellcasting
 * Level 3.3 Transmutations


You had 6 spell levels left.
You knew the following spells:

 Your Spells              Type           Power      Damage    Failure   Level
a - Beastly Appendage     Tmut           22%        N/A       5%          1

Your spell library contained the following spells:

 Spells                   Type           Power      Damage    Failure   Level
 Wereblood                Tmut           11%        N/A       9%          2
 Spider Form              Tmut/Pois      6%         N/A       32%         3
 Ice Form                 Ice/Tmut       6%         N/A       71%         4


Dungeon Overview and Level Annotations

Branches:
Dungeon (2/15)

Altars:
Yredelemnul


Innate Abilities, Weirdness & Mutations

You have temporarily grown beastly horns and talons.
Your plain brown scales are hard. (AC +5)
You cannot fit into any form of body armour.
You are cold-blooded and may be slowed by cold attacks.


Message History

No target in view!
No target in view!
You open the large door.
A gnoll comes into view. It is wielding a +2 vorpal spear.
The gnoll shouts!
There is a large open door here.
A hobgoblin comes into view.
A gnoll comes into view. It is wielding a +0 halberd.
A gnoll comes into view. It is wielding a +0 whip.
An endoplasm comes into view.
An adder, 2 gnolls and a rat come into view.
Found a stone staircase leading down.
The endoplasm quivers.
The gnoll shouts!
The hobgoblin shouts!
The adder hisses angrily.
A gnoll comes into view. It is wielding a +0 club.
A rat comes into view.
A gnoll comes into view. It is wielding a +0 club.
The gnoll shouts!
The gnoll shouts!
You hear a shout!
The endoplasm barely misses you.
The gnoll hits you with a +2 vorpal spear.
You hit the gnoll. You claw the gnoll.
The gnoll is heavily wounded.
Your horns disappear.
Your talons disappear.
The gnoll misses you. The endoplasm freezes you.
You are frozen.
You feel yourself slow down.
A hobgoblin comes into view.
The gnoll hits you with a +2 vorpal spear.
There are monsters nearby!
Casting: Beastly Appendage (safe; 5% risk of failure)
Confirm with . or Enter, or press ? or * to list all spells.
You grow a pair of large bovine horns.
Your feet morph into talons.
The gnoll barely misses you.
The gnoll hits you from afar with a +0 halberd.
The endoplasm closely misses you.
The gnoll hits you from afar with a +0 halberd!
* * * LOW HITPOINT WARNING * * *
The gnoll hits you from afar with a +0 halberd.
You die...

#. #...##...# ..##.###
#... .# .......###....
.## .....#........ ...##
.........##### ...g.
.....##..### ...#..
.....#.....# ###g.....
......###++#####.gSg.#
....#.#≈≈..≈≈#.#@gg.g#.
......#≈##.#≈#..gJgr....
......').#.#.'.#.r......
^...#.†)#.#..'.#.....##.
....#.#≈#.##≈###>......
....#.#≈≈..≈≈# #........
#####.###''### #........
#.......# #........
#......## .......


You could see 7 gnolls, an adder, an endoplasm, 2 hobgoblins and 2 rats.

Vanquished Creatures
  A worm (D:2)
  A dart slug (D:1)
  2 endoplasms
  2 giant cockroaches (D:1)
  A goblin (D:2)
  4 hobgoblins
  3 jackals (D:1)
  3 kobolds
  2 quokkas (D:2)
  2 bats
  5 frilled lizards
  5 rats
31 creatures vanquished.

Notes
Turn   | Place    | Note
-------+----------+-------------------------------------------
     0 | D:1      | kae the Draconian Transmuter began the quest for the Orb.
     0 | D:1      | Reached XP level 1. HP: 16/16 MP: 3/3
   185 | D:1      | Reached XP level 2. HP: 3/23 MP: 5/5
  1065 | D:2      | Found a basalt altar of Yredelemnul.
  1167 | D:2      | Reached XP level 3. HP: 16/28 MP: 4/6
  1589 | D:2      | Slain by a gnoll

Illustrated notes

Levels and vault maps discovered:
D:1:      roderic_crossed_star, layout_basic
D:2:      layout_rooms, basic_altar, serial_rivers,
          chequers_serial_rivers_room_b, chequers_serial_rivers_marsh,
          chequers_serial_rivers_small_b, chequers_serial_rivers_room_b,
          chequers_serial_rivers_marsh, chequers_serial_rivers_small_b,
          dreamdust_ecumenical_altar_grove, kennysheep_generic_room_12

Skill      XL: |  1  2 |
---------------+-------+-----
Transmutations | 3 |  3.3
Fighting       | |  1.1
Dodging        | |  1.7
Unarmed Combat | |  3.0
Spellcasting   | |  2.5

Action                   || total
-------------------------++-------
Melee: Unarmed           ||    98
       Kick              ||    11
       Headbutt          ||     9
       Tailslap          ||     7
       Punch             ||     4
 Cast: Beastly Appendage ||    21
Armor: Skin              ||    33
Dodge: Dodged            ||    75

Table legend: (Time is in decaauts)
 A = Elapsed time spent in this place.
 B = Non-inter-level travel time spent in this place.
 C = Inter-level travel time spent in this place.
 D = Time resting spent in this place.
 E = Time spent auto-exploring this place.
 F = Levels seen in this place.
 G = Mean time per level.
                   A        B        C        D        E       F      G
               +--------+--------+--------+--------+--------+-----+--------+
         Total |   1590 |   1556 |     34 |      0 |   1311 |   2 |  795.0 |
       Dungeon |   1590 |   1556 |     34 |      0 |   1311 |   2 |  795.0 |
               +--------+--------+--------+--------+--------+-----+--------+

Top non-repeatable levels by time:
     D:1: 1013 daAuts
     D:2: 577 daAuts
